[Event "1st FIDE Olympiad DIS 2023"]
[Site "Belgrade"]
[Date "2023.02.02"]
[Round "4.5"]
[White "Gruenfeld, Yehuda"]
[Black "Sarkar, Justin"]
[Result "1-0"]
[ECO "C96"]
[WhiteElo "2414"]
[BlackElo "2345"]
[Annotator "TA"]
[PlyCount "93"]
[EventDate "2023.01.30"]
[EventType "team-tourn"]
[EventCountry "SRB"]
[SourceTitle "playchess.com"]
[Source "ChessBase"]
[SourceQuality "1"]
[WhiteTeam "Israel"]
[BlackTeam "United States"]
[WhiteTeamCountry "ISR"]
[BlackTeamCountry "USA"]
[TimeControl "40/5400+30:1800+30"]

1. e4 e5 2. Nf3 Nc6 3. Bb5 a6 4. Ba4 Nf6 5. O-O Be7 6. Re1 b5 7. Bb3 d6 8. c3 O-O 9. h3 Na5 10. Bc2 c5 11. d4 Nd7 12. Nbd2 exd4 13. cxd4 Nc6 14. Nf1 cxd4 15. Nxd4 Nxd4 16. Qxd4 Ne5 17. Qd1 Be6 {[%emt 0:00:50] C96: Closed Ruy Lopez: Chigorin Defence: 11 d4, replies other than 11...Qc7.} 18. f4 Nc4 (18... Nc6 $1 $11) 19. b3 $16 Nb6 (19... Na5 $1 $14) 20. Bb2 {[%emt 0:01:52] [#]} Bh4 $146 ({Predecessor:} 20... d5 21. f5 Bc8 22. Qg4 f6 23. Rad1 Qc7 24. Bb1 Bb7 25. Ng3 Rad8 26. Nh5 Bc5+ {0-1 Janeva,M (2058)-Zlatanova,E (2068) BUL-chT2 (Women) 58th 2008 (1.2)}) 21. Re2 Bf6 22. Bd4 Rc8 23. Ne3 Rc6 24. Qd3 {[%emt 0:02:22] And now e5 would win.} Bxd4 25. Qxd4 Qf6 ({Better is} 25... Kh8) 26. Qxf6 gxf6 27. Rd1 Rd8 28. Rd4 Kf8 29. Kf2 a5 30. Red2 b4 31. Bd1 Ke7 32. Bf3 Rc5 33. h4 Bc8 34. h5 Be6 35. h6 Bc8 36. Bg4 Bxg4 37. Nxg4 f5 38. Ne3 fxe4 39. Rxe4+ Kf8 {[%emt 0:01:05] [#]} (39... Kd7 $16 {might work better.} 40. g4 Kc6) 40. g4 $1 $18 d5 41. Re5 Rc6 42. Nf5 (42. Nxd5 $2 {is the wrong capture.} Rcd6 43. Nxb6 Rxd2+ 44. Kf3 Rxa2 $19) 42... Rg6 (42... Rd7 {was called for.} 43. Rde2 Rc8) 43. Kf3 Rc8 44. g5 Rc3+ $2 (44... a4 45. Re7 axb3) 45. Kg2 {[%emt 0:00:00] White is clearly winning.} Re6 46. Rxe6 fxe6 {[%emt 0:00:04] [#]} 47. g6 $1 {[%emt 0:00:00][%mdl 512] Black got outplayed after the opening.   Weighted Error Value: White=0.06 (flawless) /Black=0.40} 1-0

[Event "1st FIDE Olympiad DIS 2023"]
[Site "Belgrade"]
[Date "2023.02.02"]
[Round "4.5"]
[White "Rivas Cabrera, Edgar"]
[Black "Orsag, Milan"]
[Result "1/2-1/2"]
[ECO "A21"]
[WhiteElo "1987"]
[BlackElo "2308"]
[Annotator "TA"]
[PlyCount "81"]
[EventDate "2023.01.30"]
[EventType "team-tourn"]
[EventCountry "SRB"]
[SourceTitle "playchess.com"]
[Source "ChessBase"]
[SourceQuality "1"]
[WhiteTeam "Venezuela"]
[BlackTeam "Czech Republic"]
[WhiteTeamCountry "VEN"]
[BlackTeamCountry "CZE"]
[TimeControl "40/5400+30:1800+30"]

1. c4 g6 2. Nc3 Bg7 3. g3 e5 4. Bg2 d6 5. d3 f5 6. e3 Nf6 7. Nge2 O-O 8. O-O c6 {[%emt 0:01:50] 8...a5 is the hot move.} 9. Rb1 a5 10. b3 {[%emt 0:05:46] has lost popularity (10.a3). A21: English Opening: 1...e5 2 Nc3.} Na6 11. a3 Be6 12. Qc2 {[%emt 0:16:01] [#]} d5 $146 ({Predecessor:} 12... Qe7 13. f4 Bf7 14. h3 Rac8 15. e4 exf4 16. Bxf4 fxe4 17. dxe4 Nc5 18. Rbd1 Rcd8 {0-1 Patriarca,L (2266)-Zambrana,O (2421) American Continental 03rd 2005 (3)}) 13. cxd5 Nxd5 14. Nxd5 Bxd5 15. e4 Be6 16. Be3 Rc8 (16... Qd6 $15 17. exf5 Bxf5) 17. Rfd1 $11 Qe7 18. Qc1 (18. d4 $142) 18... Qf7 19. Qc2 c5 (19... Nc7 $15) 20. f4 fxe4 21. dxe4 (21. Bxe4 {with more complications.} Nc7 22. fxe5 Nd5 23. Bxd5 Bxd5 24. Rf1) 21... c4 22. b4 (22. bxc4 $11 {was the only way to keep the balance.} Bxc4 23. Rb6) 22... axb4 $17 23. axb4 Qe7 24. Qa4 (24. Rf1 $142) 24... Rfd8 (24... c3 $17 25. f5 c2 26. fxe6 Qxe6) 25. Rxd8+ Qxd8 (25... Rxd8 $5 26. b5 Nc5 $15) 26. Rd1 {[%emt 0:01:58] Repels Qd3} Qe7 {[%emt 0:00:57] Threatens to win with ...Bg4.} 27. f5 $1 Bf7 (27... gxf5 $15 28. exf5 Bxf5) 28. Rd7 Qxb4 29. Qxb4 Nxb4 30. Rxb7 Nc2 31. fxg6 hxg6 32. Bh3 Rc6 33. Bg5 Nd4 34. Kf2 {[%emt 0:00:14] Repels Nf3} c3 35. Rb8+ Kh7 {[%emt 0:00:09] [#] Hoping for ...Bh6.} 36. Rc8 $2 (36. Rb7 $11 {and White stays safe.} Nxe2 37. Kxe2 (37. Rxf7 $2 Nd4 $17) 37... Bc4+ 38. Kd1) 36... Rxc8 $19 37. Bxc8 c2 38. Nc1 {[%emt 0:00:25] [#]} Nb3 $2 ({Better is} 38... Bf8 $1 $19 {And now ...Nb3 would win.} 39. Ba6 Nb3) 39. Nxb3 $11 {[%emt 0:00:34] The position is equal.} Bxb3 40. Ke2 Bf8 {[%emt 0:03:37] White must now prevent ...Ba3.} 41. Bc1 $1 {[%emt 0:30:13] Prevents Ba3.   Weighted Error Value: White=0.25 (precise) /Black=0.24 (precise)} 1/2-1/2

[Event "1st FIDE Olympiad DIS 2023"]
[Site "Belgrade"]
[Date "2023.02.02"]
[Round "4.6"]
[White "Obodchuk, Andrei"]
[Black "Streltsov, Alexey"]
[Result "1/2-1/2"]
[ECO "D27"]
[WhiteElo "2317"]
[BlackElo "2317"]
[Annotator "TA"]
[PlyCount "41"]
[EventDate "2023.01.30"]
[EventType "team-tourn"]
[EventCountry "SRB"]
[SourceTitle "playchess.com"]
[Source "ChessBase"]
[SourceQuality "1"]
[WhiteTeam "FID"]
[BlackTeam "Israel"]
[BlackTeamCountry "ISR"]
[TimeControl "40/5400+30:1800+30"]

1. d4 d5 2. c4 dxc4 3. Nf3 Nf6 4. e3 e6 5. Bxc4 c5 6. O-O a6 7. Be2 {[%emt 0:01:00] 7.b3 is becoming the main line. D27: Queen's Gambit Accepted: Classical main line: 7 e4!? and 7 a4.} Nbd7 8. b3 b6 9. Bb2 {[%emt 0:00:11] White has an edge.} Bb7 10. Nbd2 Be7 11. dxc5 Nxc5 12. Nc4 {[%emt 0:06:01] [#]} b5 $146 ({Predecessor:} 12... Bd5 13. b4 Bxc4 14. Qxd8+ Rxd8 15. Bxc4 Na4 16. Bd4 {½-½ Kratochvil,V (2263)-Geissler,W (2329) VW-Cup8 Gr46 email 2015}) 13. Qxd8+ Rxd8 14. Na5 Be4 15. Bd4 Nb7 16. Nxb7 Bxb7 17. Rfc1 (17. a4 $5 b4 18. Rfc1 $14) 17... Ba3 18. Rc7 Rd7 19. Rxd7 (19. Rc2 $5 ) 19... Kxd7 20. Rd1 Ke7 21. Ne1 {[%emt 0:00:00] Weighted Error Value: White=0.08 (flawless) /Black=0.06 (flawless)} 1/2-1/2

[Event "1st FIDE Olympiad DIS 2023"]
[Site "Belgrade"]
[Date "2023.02.02"]
[Round "4.6"]
[White "Babula, Milan"]
[Black "Otero Munelo, Harlen Jose"]
[Result "1-0"]
[ECO "C26"]
[WhiteElo "2107"]
[BlackElo "2099"]
[Annotator "TA"]
[PlyCount "124"]
[EventDate "2023.01.30"]
[EventType "team-tourn"]
[EventCountry "SRB"]
[SourceTitle "playchess.com"]
[Source "ChessBase"]
[SourceQuality "1"]
[WhiteTeam "Czech Republic"]
[BlackTeam "Venezuela"]
[WhiteTeamCountry "CZE"]
[BlackTeamCountry "VEN"]
[TimeControl "40/5400+30:1800+30"]

1. e4 e5 2. Nc3 Bc5 3. g3 Nf6 4. Bg2 O-O 5. Nf3 d6 6. O-O Nc6 7. d3 Bg4 8. h3 {[%emt 0:01:21] C26: Vienna Game: 2...Nf6, sidelines .} Bxf3 9. Qxf3 Nd4 10. Qd1 {[%emt 0:00:09] The position is equal.} a6 11. Kh2 h6 12. f4 c6 {[%emt 0:01:16] Dodges Nd5} 13. Ne2 {[%emt 0:12:00] [#]} Qe7 $146 ({Predecessor:} 13... Ne6 14. c3 Bb6 15. b3 a5 16. Ba3 c5 17. Bb2 d5 18. fxe5 Nh5 19. exd5 Ng5 {1-0 Wolf,P (1602)-Yigit,F Oberfranken-ch 2014 (1.1)}) 14. c3 Nxe2 15. Qxe2 Rad8 16. Bd2 Rd7 17. Rae1 Bb6 18. h4 Re8 19. Bh3 {[%emt 0:00:44] And now fxe5 would win.} Rdd8 20. Qf3 Nh7 21. h5 Rf8 22. Re2 Kh8 {[%emt 0:01:27] Black is weak on the light squares} 23. Bf5 Ba7 24. Kh1 Rde8 25. Rg2 Bb6 (25... Nf6 26. g4 $16) 26. b3 Rd8 (26... Nf6 27. g4 $16) 27. Re1 Qf6 28. Rh2 Rfe8 29. Rhe2 Kg8 30. Qg4 Kh8 31. Qh3 Rf8 32. Rf1 (32. Bxh7 {simplifies} Kxh7 33. Qf5+ Qxf5 34. exf5 f6 35. Kg2) 32... Qe7 33. Qg4 Rb8 34. Kg2 Rbd8 35. Bc1 c5 36. c4 Nf6 37. Qh3 Ng8 38. Bb2 Bc7 39. a3 (39. Kg1 $14 {might be stronger.}) 39... b5 40. cxb5 axb5 41. Ra1 Nf6 (41... Bb6 {seems wilder.} 42. Qg4 Qc7 43. Rc1 Ne7) 42. Qh4 Rde8 43. Rc1 Bb6 44. Kf3 Bd8 45. Rec2 Qb7 46. Qh1 {[%emt 0:00:00] [#] Active counter play!} (46. fxe5 Nd7 47. Qg4 Nxe5+ 48. Bxe5 Rxe5 $17) ({White should try} 46. Qh2 $1 $11) 46... c4 $1 $15 47. fxe5 (47. bxc4 bxc4) 47... dxe5 48. bxc4 bxc4 49. dxc4 Qb3+ (49... g6 $15 50. hxg6 fxg6 51. Qxh6+ Nh7 52. Qxg6 Rxf5+ 53. Qxf5 Rf8 54. Qxf8+ (54. Bxe5+ Kg8 $17) 54... Nxf8 55. Bxe5+ Kg8) 50. Kg2 $11 Nh7 (50... Bc7 $11) 51. Re2 Bg5 (51... Nf6 $16) 52. Rc3 Qb6 {[%emt 0:00:18] [#]} (52... Qa4 $16 53. c5 Qc6) 53. Qd1 (53. c5 $1 $18 Qc7 54. c6) 53... g6 $2 {[%emt 0:00:16] Black cannot hold the game after this.} (53... Be7 $16) 54. c5 Qc7 55. Qd7 ({Much less strong is} 55. hxg6 Rd8 56. Rd3 fxg6) 55... Qa5 (55... Bd8 $142) 56. hxg6 $18 Nf6 57. Qd6 fxg6 58. Bxg6 {[%emt 0:00:04] This pair of bishops is nice.} Rd8 59. Qxe5 {[%emt 0:00:06] Threatens to win with Qe7.} Qb5 60. Rcc2 Rd3 61. c6 Kg8 62. Qxb5 Rf7 {[%emt 0:01:04] Weighted Error Value: White=0.15 (very precise) /Black=0.42} 1-0

[Event "1st FIDE Olympiad DIS 2023"]
[Site "Belgrade"]
[Date "2023.02.02"]
[Round "4.7"]
[White "Gurbanov, Andrei"]
[Black "Rosikhin, Igor"]
[Result "1-0"]
[ECO "B06"]
[WhiteElo "2275"]
[BlackElo "1856"]
[Annotator "TA"]
[PlyCount "47"]
[EventDate "2023.01.30"]
[EventType "team-tourn"]
[EventCountry "SRB"]
[SourceTitle "playchess.com"]
[Source "ChessBase"]
[SourceQuality "1"]
[WhiteTeam "Israel"]
[BlackTeam "Belarus"]
[WhiteTeamCountry "ISR"]
[BlackTeamCountry "BLR"]
[TimeControl "40/5400+30:1800+30"]

1. d4 g6 2. e4 Bg7 3. Nc3 c5 4. dxc5 Bxc3+ 5. bxc3 Qa5 6. Ne2 {[%emt 0:00:07] B06: Modern Defence.} Nf6 7. f3 (7. Bh6 $5 ) 7... Qxc5 8. Bh6 {[%emt 0:00:10] White is slightly better.} Rg8 {[%emt 0:00:37] [#]} 9. Qd4 $146 {[%emt 0:00:59] Repels d5} ({Predecessor:} 9. Qd2 g5 10. h4 g4 11. Be3 Qa5 12. Bg5 gxf3 13. gxf3 Nh5 14. Bh3 f6 15. Bg4 {1-0 Alexakis,D (2450)-Batashevs,A (2166) Online Olym Div2 B rapid 2020 (4.5)}) 9... Qc7 10. Bg5 Nh5 11. c4 {[%emt 0:05:08] White is more active.} Nc6 12. Qd2 $40 {[%emt 0:01:32][%mdl 128] White has some attack.} b6 13. Nc3 Bb7 14. Nd5 Qe5 15. Rb1 e6 (15... Rc8 $142) 16. Nc3 $16 {[%emt 0:01:35] aiming for Nb5.} f6 17. Be3 O-O-O 18. g4 Ng7 19. Bf4 (19. c5 $18) 19... Qd4 {[%emt 0:02:59] [#]} 20. Bd3 $1 {[%emt 0:00:13] Nb5 would be deadly.} e5 $2 {[%emt 0:06:59] This move loses the game for Black.} (20... Qc5 $16 {might work better.}) 21. Be3 $18 Qd6 22. c5 bxc5 {[%emt 0:01:21] [#]} (22... Qf8 $142 23. cxb6 a6) 23. Rxb7 $1 Nd4 (23... Qxd3 24. Qxd3) 24. Nb5 {[%emt 0:00:59] Weighted Error Value: White=0.07 (flawless) /Black=0.39} 1-0

[Event "1st FIDE Olympiad DIS 2023"]
[Site "Belgrade"]
[Date "2023.02.02"]
[Round "4.7"]
[White "Abiad Parra, Victor"]
[Black "Valenta, Vit Vaclav"]
[Result "1/2-1/2"]
[ECO "C68"]
[WhiteElo "1855"]
[BlackElo "2022"]
[Annotator "TA"]
[PlyCount "107"]
[EventDate "2023.01.30"]
[EventType "team-tourn"]
[EventCountry "SRB"]
[SourceTitle "playchess.com"]
[Source "ChessBase"]
[SourceQuality "1"]
[WhiteTeam "Venezuela"]
[BlackTeam "Czech Republic"]
[WhiteTeamCountry "VEN"]
[BlackTeamCountry "CZE"]
[TimeControl "40/5400+30:1800+30"]

1. e4 e5 2. Nf3 Nc6 3. Bb5 a6 4. Bxc6 bxc6 5. d4 exd4 6. Nxd4 g6 {[%emt 0:01:47] C68: Ruy Lopez: Exchange Variation, sidelines.} 7. Nc3 Bg7 8. Be3 Bb7 {[%emt 0:02:07] White has an edge.} 9. Qd2 d6 {[%emt 0:06:20] [#]} 10. f3 $146 (10. O-O-O $5 ) ({Predecessor:} 10. O-O-O Qd7 11. f3 Ne7 12. Nb3 Rb8 13. h4 h6 14. Bd4 Bxd4 15. Qxd4 O-O 16. g4 {1-0 Skvorc,E (1796)-Marcius,I (1722) CRO-chT3B Center North 2010 (5.46)}) 10... Qd7 (10... Qh4+ $11 11. g3 Qh3) 11. Nb3 $16 Ne7 12. Bh6 Bxh6 13. Qxh6 O-O-O 14. O-O-O Qe6 15. Qe3 {[%emt 0:02:16] White is more active.} c5 16. Na5 Nf5 17. Qd3 (17. exf5 $2 {loses.} Qxe3+ 18. Rd2 gxf5 19. Nxb7 Kxb7 $19) 17... Nd4 {[%emt 0:00:20] [#]} 18. Nd5 c6 (18... Bxd5 $11 {keeps the balance.} 19. exd5 Qxd5) 19. Nb6+ Kc7 20. Nbc4 {[%emt 0:00:26] aiming for c3. A dynamic duo of knights.} d5 21. exd5 cxd5 22. Nxb7 (22. Ne3 $5 ) 22... Kxb7 (22... dxc4 $2 23. Nxd8 Rxd8 24. Qe4 $18) 23. Na5+ Kb6 24. Rhe1 (24. b4 $1 $14 {deserves consideration.} Rhe8 25. bxc5+ Kxa5 26. Qxd4) 24... Qf6 25. Nb3 Nc6 (25... Qg5+ {with more complications.} 26. Kb1 Nc6 27. h4 Qf5) 26. Qe3 d4 27. Qf2 Rd5 28. Kb1 Rhd8 29. Qe2 Ne5 30. Nc1 c4 31. Qe4 Nc6 32. Qe2 Rc5 33. a3 a5 34. Qe4 (34. c3 $17 {was worth a try.}) 34... Re5 $19 35. Qg4 {[%emt 0:00:02] [#]} Rxe1 (35... Rb5 $1 $19 {[%cal Od4d3] White must now prevent ...d3!} 36. a4 Rb4) 36. Rxe1 $17 h5 37. Qe4 Rd6 (37... Qg5 {is more complex.} 38. Re2 h4 39. b3 a4) 38. Qe2 Re6 39. Qf2 {[%emt 0:00:36] White is weak on the dark squares} Rxe1 40. Qxe1 $15 {[%emt 0:00:01][%mdl 4096] Endgame KQN-KQN} Qe5 41. Qg1 Kc7 (41... Kc5 {is interesting.} 42. b3 Qe3 43. Qf1 d3) 42. Qf1 Qe6 ({Don't do} 42... Qxh2 43. Qxc4 Qxg2 44. Qxf7+ Kb6 45. Qb3+ Kc7 46. Qf7+ Kb6 47. Qd5 $11) 43. Qe2 Kb6 44. Qxe6 fxe6 {[%emt 0:00:00][%cal Bf7e6,Be6e5][%mdl 32] KN-KN} 45. Ne2 e5 {[%emt 0:00:00] Prevents Nf4} 46. Ng3 Kc5 47. Kc1 Kd5 48. Kd2 Ne7 {[%emt 0:00:00] Strongly threatening ...Nf5.} 49. Ne4 Nf5 {[%emt 0:00:00] Threatens to win with ...Nh4.} 50. g3 {[%emt 0:00:00] [#] Wards off Nh4} Ne3 (50... Nd6 $1 $17 51. Nf6+ Ke6) 51. h4 a4 52. Nf6+ Ke6 53. Ne4 Kd5 54. Nf6+ $1 {[%emt 0:00:00] Weighted Error Value: White=0.17 (very precise) /Black=0.17 (very precise)} 1/2-1/2

[Event "1st FIDE Olympiad DIS 2023"]
[Site "Belgrade"]
[Date "2023.02.02"]
[Round "4.8"]
[White "Ryvova, Anna"]
[Black "Monterrey, Henry"]
[Result "1/2-1/2"]
[ECO "C01"]
[WhiteElo "1823"]
[BlackElo "1759"]
[Annotator "NA RC COMBH"]
[PlyCount "79"]
[EventDate "2023.01.30"]
[EventType "team-tourn"]
[EventCountry "SRB"]
[SourceTitle "playchess.com"]
[Source "ChessBase"]
[SourceQuality "1"]
[WhiteTeam "Czech Republic"]
[BlackTeam "Venezuela"]
[WhiteTeamCountry "CZE"]
[BlackTeamCountry "VEN"]
[TimeControl "40/5400+30:1800+30"]

1. e4 e6 2. d4 d5 3. exd5 exd5 4. Bf4 Bd6 5. Bxd6 Qxd6 6. c3 Nf6 7. Nf3 O-O 8. Be2 b6 9. O-O c5 10. Nbd2 Ba6 11. Re1 Bxe2 12. Rxe2 Nc6 13. dxc5 bxc5 14. Ne4 Nxe4 15. Rxe4 Rad8 16. Re2 Rfe8 17. Rxe8+ Rxe8 18. Qd2 Ne5 19. Nxe5 Qxe5 20. Rd1 g6 21. g3 Rb8 22. Re1 {[%emt 0:03:29] [#]} (22. b4 $11 {keeps the balance.}) 22... Rxb2 $3 {[%emt 0:00:57] Deflection} 23. Rxe5 Rxd2 24. Re8+ Kg7 25. Rd8 d4 26. cxd4 Rxd4 ({And not} 26... cxd4 27. a4 $17) 27. Rc8 Ra4 28. Rxc5 Rxa2 29. h4 h5 30. Rc6 a5 31. Ra6 a4 32. Kg2 a3 33. Kf3 Kf8 34. Ra7 Kg7 $2 (34... Ra1 $19 35. Kf4 f6) 35. Ra6 $19 Ra1 36. Kg2 a2 37. Kf3 Kf8 38. Ra7 Ke8 39. Kf4 {[%emt 0:04:52] [#]} Kf8 $2 (39... f6 $1 $19 40. Kf3 Kd8) 40. Kf3 1/2-1/2

[Event "1st FIDE Olympiad DIS 2023"]
[Site "Belgrade"]
[Date "2023.02.02"]
[Round "4.8"]
[White "Tran, Thi Bich Thuy"]
[Black "Aleksandrova, Aleksandra"]
[Result "0-1"]
[ECO "A41"]
[WhiteElo "1422"]
[BlackElo "1701"]
[Annotator "NA RC COMBH"]
[PlyCount "70"]
[EventDate "2023.01.30"]
[EventType "team-tourn"]
[EventCountry "SRB"]
[SourceTitle "playchess.com"]
[Source "ChessBase"]
[SourceQuality "1"]
[WhiteTeam "Vietnam"]
[BlackTeam "Israel"]
[WhiteTeamCountry "VIE"]
[BlackTeamCountry "ISR"]
[TimeControl "40/5400+30:1800+30"]

1. d4 d6 2. Bg5 c6 3. Nf3 Qb6 4. Nc3 Qxb2 5. Bd2 Qb6 6. e3 Nd7 7. Bd3 g6 8. Rb1 Qc7 9. O-O Bg7 10. Ng5 h6 11. Nf3 e5 12. dxe5 dxe5 13. Bc4 b5 14. Be2 a5 15. a3 Ngf6 16. Re1 O-O 17. Bf1 e4 18. Nd4 Ne5 19. Nce2 Nc4 20. Bc1 Rd8 21. Nc3 Ng4 22. g3 Qe5 23. Bxc4 bxc4 24. Qe2 c5 25. h3 cxd4 26. exd4 Qh5 27. hxg4 Bxg4 28. Qf1 Bf3 29. Qg2 Bxg2 30. Kxg2 Qf3+ 31. Kg1 Qxc3 32. Bb2 Qxc2 33. Rec1 Qe2 34. Re1 Qf3 35. Re3 Qf5 0-1

[Event "1st FIDE Olympiad DIS 2023"]
[Site "Belgrade"]
[Date "2023.02.02"]
[Round "4.9"]
[White "Alam, Khorshed"]
[Black "Morales Romero, Pedro"]
[Result "1-0"]
[ECO "D01"]
[WhiteElo "2065"]
[BlackElo "2339"]
[Annotator "TA"]
[PlyCount "53"]
[EventDate "2023.01.30"]
[EventType "team-tourn"]
[EventCountry "SRB"]
[SourceTitle "playchess.com"]
[Source "ChessBase"]
[SourceQuality "1"]
[WhiteTeam "Bangladesh"]
[BlackTeam "Cuba"]
[WhiteTeamCountry "BAN"]
[BlackTeamCountry "CUB"]
[TimeControl "40/5400+30:1800+30"]

1. d4 Nf6 2. Bf4 g6 3. Nc3 d5 4. Qd2 Bg7 5. Bh6 Bxh6 6. Qxh6 {[%emt 0:00:08] D01: Veresov Opening.} c5 {[%emt 0:00:15] 6...c6 is the hot move.} 7. e3 Nc6 8. Bb5 {[%emt 0:01:40] [#] White is slightly better.} Bg4 $146 ({Predecessor:} 8... Qb6 9. Nge2 Bd7 10. O-O a6 11. Bxc6 Bxc6 12. b3 O-O-O 13. a4 cxd4 14. exd4 Kb8 {½-½ Jobava,B (2603)-Cheparinov,I (2667) Ville d'Orsay online Blitz 2021 (9)}) 9. f3 {[%emt 0:00:14] White is more active.} Bd7 10. dxc5 Qa5 {[%emt 0:09:17] [#]} (10... Nb8 $14) 11. a3 $1 $16 g5 12. Qxg5 Rg8 13. Qf4 Rxg2 14. Nge2 Qd8 (14... O-O-O $16) 15. O-O-O $18 e5 16. Qh4 {[%emt 0:00:19] Threatens to win with Rhg1.} Qe7 17. Rhg1 (17. Nxd5 Nxd5 18. Qxh7 Nf6 19. Qh8+ Rg8 $17) 17... Rxg1 18. Rxg1 ({Don't play} 18. Nxg1 O-O-O $16) 18... O-O-O 19. b4 Bf5 20. Bd3 (20. Rd1 $18) 20... e4 (20... Bxd3 $16 {is a better defense.} 21. cxd3 Qe6) 21. fxe4 dxe4 22. Bc4 Ne5 23. Bb3 (23. Rf1 $18 {has better winning chances.} Nf3 24. Qf4 (24. Qh6 Bg6 $16)) 23... Nf3 $16 {[%emt 0:09:24][%csl LRg1,LRh4] [#]} 24. Qf4 {[%emt 0:00:08] The board is on fire.} Bd7 (24... Qd7 $2 25. Rd1 Nh5 26. Qh6 $18) (24... Bg6 $16) 25. Rg7 $18 Ne5 26. Ng3 ({Not} 26. Nxe4 Nxe4 27. Nd4 (27. Qxe4 $2 {is the wrong capture.} Qf6 $19) 27... Nf6 $17) 26... Neg4 (26... Ng6 $142 27. Qg5 Rf8 28. Ngxe4 Nxe4 29. Qxe7 {[%mdl 64] Remove Defender} Nxe7) 27. Rxf7 {[%emt 0:00:59] Weighted Error Value: White=0.17 (very precise) /Black=0.44} 1-0

[Event "1st FIDE Olympiad DIS 2023"]
[Site "Belgrade"]
[Date "2023.02.02"]
[Round "4.9"]
[White "Banda Aaron"]
[Black "Kevorkov, Artur"]
[Result "1/2-1/2"]
[ECO "D05"]
[WhiteElo "1901"]
[BlackElo "2158"]
[Annotator "TA"]
[PlyCount "66"]
[EventDate "2023.01.30"]
[EventType "team-tourn"]
[EventCountry "SRB"]
[SourceTitle "playchess.com"]
[Source "ChessBase"]
[SourceQuality "1"]
[WhiteTeam "Zambia"]
[BlackTeam "Germany"]
[WhiteTeamCountry "ZAM"]
[BlackTeamCountry "GER"]
[TimeControl "40/5400+30:1800+30"]

1. d4 d5 2. Nf3 Nf6 3. e3 c5 4. c3 e6 5. Bd3 Nc6 6. Nbd2 Bd6 7. Qe2 {[%emt 0:03:04] D05: Colle System with ...e6.} O-O 8. e4 Be7 (8... dxe4 $15 9. Nxe4 Nxe4 10. Bxe4 (10. Qxe4 f5 $15) 10... cxd4) 9. e5 {[%emt 0:02:36] White is slightly better.} Nd7 {[%emt 0:00:12] [#]} 10. b3 $146 (10. a3 $11 {is superior.}) ({Predecessor:} 10. O-O b6 11. Re1 Bb7 12. Nf1 cxd4 13. cxd4 Rc8 14. a3 Re8 15. Bd2 Nf8 16. Rac1 {0-1 Matejic,P-Medic,R (1337) SRB-ch U16 Subotica 2021 (7)}) 10... Re8 (10... cxd4 $15 11. cxd4 Nb4) 11. Bb2 f6 12. O-O a5 13. a4 b6 14. Bb5 {[%emt 0:01:24] White is more active.} (14. exf6 $5 Bxf6 15. Ne4 $14) 14... Qc7 15. c4 f5 (15... fxe5 $11 {keeps the balance.} 16. cxd5 (16. Nxe5 Ndxe5 17. cxd5 exd5 $11) (16. dxe5 d4 $11) 16... exd5) 16. cxd5 exd5 17. Rac1 Nf8 18. dxc5 (18. Nc4 $1 $16) 18... bxc5 $11 19. Nd4 {[%emt 0:06:34] Prevents Ne6} Nxd4 20. Bxd4 {[%emt 0:00:41][%mdl 64] Pin} Rd8 21. f4 Ne6 22. Bb2 Qb6 23. Kh1 Ba6 24. Bxa6 Qxa6 25. Qxa6 Rxa6 26. g3 Rb8 {[%cal Oc5c4] Strongly threatening ...c4!} 27. Bc3 Kf7 28. h4 Nd8 29. Rf3 Ke6 30. Kg2 Nc6 31. Kf1 {[%emt 0:03:43] [#]} (31. Bb2 $11) 31... Rab6 $1 $17 {[%emt 0:01:33] ...Rxb3 is the strong threat.} 32. Kg2 {[%emt 0:01:40] [#]} (32. Ba1 $142) 32... Nb4 ({Black should play} 32... Rxb3 $1 $17 {aiming for ...Ra3.} 33. Nxb3 Rxb3) 33. Bxb4 Rxb4 {[%emt 0:00:02] Weighted Error Value: White=0.22 (precise) /Black=0.24 (precise)} 1/2-1/2